 Dungeon Crawl Stone Soup version 0.16.1-11-g651b585 (webtiles) character file.

268 Trafet the Caller (level 6, -3/44 HPs)
             Began as a Human Summoner on Apr 5, 2015.
             Was an Initiate of Sif Muna.
             Shot with an arrow by a centaur (7 damage)
             ... on level 4 of the Dungeon.
             The game lasted 00:13:03 (3739 turns).

Trafet the Caller (Human Summoner)                  Turns: 3739, Time: 00:13:05

Health: -3/44      AC:  4    Str:  9    XL:     6   Next: 45%
Magic:  0/13       EV: 12    Int: 17    God:    Sif Muna [......]
Gold:   182        SH:  0    Dex: 13    Spells: 3 memorised, 6 levels left

rFire  . . .     SeeInvis .     f - +1 trident (freeze)
rCold  . . .     Clarity  .     a - +0 robe
rNeg   . . .     SustAb   .     (no shield)
rPois  .         Gourm    .     (no helmet)
rElec  .         Spirit   .     (no cloak)
rCorr  .         Warding  .     g - +1 pair of gloves
rMut   .         Stasis   .     (no boots)
MR     .....                    (no amulet)
Stlth  ++........               (no ring)
                                (no ring)

@: not resistant to hostile enchantments, unstealthy
A: no striking features
a: Renounce Religion


You were on level 4 of the Dungeon.
You worshipped Sif Muna.
Sif Muna was noncommittal.
You were not hungry.

You visited 1 branch of the dungeon, and saw 4 of its levels.

You collected 182 gold pieces.

Inventory:

Hand weapons
 f - a +1 trident of freezing (weapon)
 k - a +0 club
Armour
 a - a +0 robe (worn)
 g - a +1 pair of gloves (worn)
 x - a +3 leather armour
Magical devices
 l - a wand of teleportation (5)
Scrolls
 h - a scroll of immolation {unknown}
 i - a scroll of enchant armour {unknown}
 j - 2 scrolls of magic mapping {unknown}
 n - 2 scrolls of amnesia {unknown}
 r - 2 scrolls of teleportation {unknown}
 t - a scroll of recharging {unknown}
 v - 2 scrolls of remove curse {unknown}
 y - a scroll of fog {unknown}
Potions
 d - a potion of heal wounds {unknown}
 e - 2 potions of mutation {unknown}
 m - a potion of poison {unknown}
 o - 3 potions of curing
 s - a potion of ambrosia {unknown}
 u - a potion of cure mutation {unknown}
Books
 b - a book of Callings

   Spells                             Type                      Level
   a - Summon Small Mammal            Summoning                    1
   b - Call Imp                       Summoning                    2
   c - Call Canine Familiar           Summoning                    3
   d - Summon Guardian Golem          Hexes/Summoning              4
   e - Summon Lightning Spire         Summoning/Air                4
   f - Summon Ice Beast               Ice/Summoning                4
 w - a book of Geomancy

   Spells                             Type                      Level
   a - Sandblast                      Earth                        1
   b - Stoneskin                      Transmutation/Earth          2
   c - Passwall                       Transmutation/Earth          3
   d - Stone Arrow                    Conjuration/Earth            3
   e - Petrify                        Transmutation/Earth          4
   f - Lee's Rapid Deconstruction     Earth                        5
Comestibles
 c - 3 bread rations
 p - a meat ration
 q - 10 fruits
 z - a chunk of flesh


   Skills:
 - Level 2.0 Fighting
 * Level 3.7 Polearms
 - Level 2.0 Dodging
 - Level 2.0 Stealth
 + Level 3.6 Spellcasting
 + Level 4.4 Summonings


You had 6 spell levels left.
You knew the following spells:

 Your Spells              Type           Power        Failure   Level  Hunger
a - Summon Small Mammal   Summ           ###.         2%          1    None
b - Call Imp              Summ           ###.....     4%          2    ##.....
c - Call Canine Familiar  Summ           ###.....     10%         3    ###....


Dungeon Overview and Level Annotations

Branches:
Dungeon (4/15)             Temple (0/1) D:4

Altars:
Elyvilon
Qazlal
Sif Muna
Trog


Message History

Press: ? - help, Dir - move target cursor, f/p - centaur
Aim: a centaur, wielding a shortbow (lightly wounded) Attack!
The centaur shoots an arrow.
The arrow hits your shadow imp.
The centaur shoots an arrow.
The arrow hits your shadow imp!
Your shadow imp dies!
You swap places.
Your quokka bites the centaur.
You see here 2 arrows.
Casting: Summon Small Mammal
Confirm with . or Enter, or press ? or * to list all spells.
The centaur shoots an arrow.
The arrow hits your quokka!
Your quokka dies!
Your quokka's corpse disappears in a puff of smoke!
Your crimson imp hits the centaur but does no damage.
Casting: Summon Small Mammal
Confirm with . or Enter, or press ? or * to list all spells.
A beastly little devil appears in a puff of flame.
Your bat hits the centaur but does no damage.
Your crimson imp barely misses the centaur.
The centaur shoots an arrow.
The arrow hits you!
You die...

###.########..###.#..#.##.....#
# .#......## #..#
#.#..#.####.##### #.#####..#
#..###....#........... ###
##.###...###......#########
#.#≈r...≈≈#...#.## #
#.#≈..♣..≈#.....#
#..........##.###
#...♣._.♣(b5#.# ##...(÷.5@.c(.#
##≈))♣..≈##### #≈≈...≈≈#
###...### #..## #... .....
##...# .....


You could see a centaur, a neutral quokka (wandering), 2 friendly crimson imps
and a friendly bat.

Vanquished Creatures
  A giant frog (D:4)
  A crimson imp (D:3)
  Natasha (D:4)
  An orc wizard (D:3)
  An adder (D:3)
  3 giant mites
  3 giant geckos
  3 orcs (D:3)
  3 bats
  A bat skeleton (D:4)
  3 giant cockroaches
  A hobgoblin (D:1)
  A jackal (D:3)
  A giant newt (D:2)
  7 goblins
  11 rats
42 creatures vanquished.

Vanquished Creatures (collateral kills)
  Blork the orc (D:4)
  Robin (D:2)
  2 worms (D:2)
  An orc (D:3)
  A ball python (D:1)
  10 goblins
  8 hobgoblins
  A giant newt (D:1)
  2 kobolds (D:1)
  5 rats
32 creatures vanquished.

Vanquished Creatures (others)
  A crimson imp (D:2)
  2 hounds (D:4)
  A shadow imp (D:4)
  A white imp (D:4)
  4 quokkas
  2 rats
11 creatures vanquished.

Grand Total: 85 creatures vanquished

Notes
Turn   | Place    | Note
--------------------------------------------------------------
     0 | D:1      | Trafet, the Human Summoner, began the quest for the Orb.
     0 | D:1      | Reached XP level 1. HP: 13/13 MP: 3/3
   454 | D:1      | Reached skill level 1 in Fighting
   599 | D:1      | Reached XP level 2. HP: 19/21 MP: 1/5
   821 | D:1      | Learned a level 2 spell: Call Imp
  1010 | D:1      | Reached XP level 3. HP: 24/26 MP: 6/6
  1371 | D:2      | Noticed Robin
  1756 | D:2      | Killed Robin
  1783 | D:2      | Learned a level 3 spell: Call Canine Familiar
  1879 | D:2      | Reached XP level 4. HP: 33/33 MP: 9/9
  1987 | D:2      | Found a stormy altar of Qazlal.
  2116 | D:2      | Reached skill level 1 in Polearms
  2943 | D:3      | Found a deep blue altar of Sif Muna.
  2950 | D:3      | Became a worshipper of Sif Muna the Loreminder
  3020 | D:3      | Reached XP level 5. HP: 28/38 MP: 11/11
  3371 | D:3      | Found a bloodstained altar of Trog.
  3467 | D:4      | Found a white marble altar of Elyvilon.
  3501 | D:4      | Found a staircase to the Ecumenical Temple.
  3515 | D:4      | Noticed Natasha
  3527 | D:4      | Killed Natasha
  3644 | D:4      | Noticed Blork the orc
  3657 | D:4      | Reached XP level 6. HP: 41/44 MP: 0/13
  3658 | D:4      | Killed Blork the orc
  3739 | D:4      | Shot with an arrow by a centaur

Action                   |  1- 3 |  4- 6 || total
-------------------------+-------+-------++-------
Melee: Unarmed           |    27 |       ||    27
       Club              |    42 |       ||    42
       Trident           |    12 |   117 ||   129
 Cast: Summon Small Mamm |    40 |     5 ||    45
       Call Imp          |     7 |     9 ||    16
       Call Canine Famil |     2 |     3 ||     5
  Use: Scroll            |     2 |       ||     2
       Potion            |     1 |       ||     1
 Stab: Distracted        |     2 |       ||     2
       Sleeping          |       |     2 ||     2
  Eat: Chunk             |     3 |     8 ||    11
